Map: Golden Wall LE

Players

Creature

  • Race: Protoss Protoss
  • Spawn Location: 7:00

Vindicta - Winner!

  • Race: Terran Terran
  • League: Master
  • Spawn Location: 5:00

Event: The Miserable Cup

VOD

Have the link to the VOD?

Description

Time

  • Played on: June 21, 2020, 10:50 a.m.
  • Length: 13:09

All games in this series

Show
View Real Time Build Order
Export as new Build Order

Creature Protoss 

Build Orders: 1 Gate Expand, Blink Stalkers 

Get SALT Encoding   

  12  0:00  Probe  
  13  0:12  Probe  
  14  0:17  Pylon  
  14  0:25  Probe  
  15  0:33  Probe  
  15  0:35  Gateway  
  15  0:41  Probe  
  16  0:47  Assimilator  
  17  0:51  Probe  
  18  1:03  Probe  
  19  1:15  Probe  
  20  1:22  Cybernetics Core  
  20  1:33  Nexus  
  20  1:40  Pylon  
  20  1:43  Probe  
  21  1:48  Adept  
  21  1:50  Assimilator  
  21  1:55  Probe  
  21  2:01  Warp Gate  
  24  2:07  Probe  
  25  2:09  Stalker  
  25  2:20  Probe  
  28  2:33  Probe  
  28  2:34  Twilight Council  
  29  2:42  Stalker  
  31  2:45  Probe x2  
  33  2:55  Blink  
  33  2:57  Probe  
  34  3:01  Probe  
  35  3:06  Gateway  
  35  3:10  Probe  
  35  3:11  Probe  
  34  3:19  Probe  
  35  3:22  Probe  
  37  3:28  Probe  
  37  3:29  Robotics Facility  
  38  3:35  Probe  
  38  3:37  Pylon  
  39  3:43  Probe  
  39  3:47  Probe  
  41  3:50  Sentry  
  41  3:55  Probe  
  44  4:00  Stalker  
  44  4:02  Probe  
  47  4:07  Probe  
  48  4:13  Observer  
  48  4:14  Probe, Nexus  
  49  4:17  Pylon  
  49  4:19  Probe  
  49  4:23  Assimilator  
  51  4:26  Probe  
  51  4:27  Stalker  
  54  4:32  Pylon  
  54  4:34  Observer  
  55  4:39  Probe  
  55  4:41  Stalker  
  55  4:45  Probe  
  59  4:51  Probe  
  59  4:52  Stalker  
  61  4:57  Probe  
  62  5:03  Probe  
  63  5:07  Gateway  
  63  5:08  Gateway  
  63  5:09  Probe  
  64  5:15  Probe, Charge  
  64  5:21  Probe, Forge  
  66  5:24  Gateway  
  66  5:25  Gateway  
  66  5:27  Probe  
  66  5:28  Probe  
  68  5:33  Probe  
  69  5:36  Shield Battery  
  69  5:37  Shield Battery, Protoss Ground Armor Level 1  
  69  5:39  Probe  
  69  5:40  Probe  
  71  5:45  Probe  
  71  5:47  Immortal  
  72  5:51  Probe  
  72  5:52  Probe  
  78  5:57  Probe  
  78  6:02  Gateway  
  78  6:03  Probe  
  80  6:05  Gateway  
  80  6:08  Probe  
  81  6:11  Templar Archives  
  81  6:12  Pylon  
  81  6:14  Probe  
  81  6:17  Pylon  
  82  6:19  Pylon  
  82  6:23  Pylon  
  82  6:26  Zealot  
  82  6:29  Immortal  
  82  6:30  Pylon  
  84  6:38  Zealot x5  
  98  6:50  Zealot  
  96  6:57  Probe x2  
  96  6:59  Assimilator  
  96  7:00  Assimilator  
  98  7:01  Zealot x7  
  100  7:08  Immortal  
  84  7:17  Zealot  
  84  7:21  Zealot  
  84  7:22  Zealot x5  
  90  7:24  Zealot  
  92  7:32  Psionic Storm  
  92  7:37  Probe  
  92  7:41  Probe  
  92  7:47  Stalker x3  
  94  7:53  Protoss Ground Armor Level 2  
  94  7:55  Probe, Nexus  
  94  7:57  Warp Prism  
  94  7:58  Probe  
  96  7:59  Probe, Pylon  
  96  8:04  High Templar x4  
  105  8:09  Archon  
  105  8:12  Photon Cannon  
  107  8:14  Photon Cannon  
  107  8:22  Zealot x4  
  107  8:25  Probe  
  112  8:27  Probe  
  112  8:28  Probe  
  104  8:35  Observer  
  104  8:37  Stalker x4  
  104  8:39  Probe  
  114  8:46  Probe  
  115  8:49  Probe, Pylon  
  115  8:52  Shield Battery  
  115  8:53  High Templar x2  
  120  8:57  Archon  
  120  9:00  Zealot x5  
  119  9:12  Zealot  
  121  9:18  Gateway  
  121  9:20  Gateway  
  121  9:24  Gateway x2, High Templar x2  
  125  9:29  Archon, Photon Cannon  
  125  9:30  Shield Battery  
  125  9:31  Pylon  
  125  9:33  Assimilator  
  125  9:35  Zealot x3, High Templar x2  
  125  9:36  Zealot  
  125  9:38  Observer  
  137  9:41  Archon, Assimilator  
  138  9:49  Forge  
  136  9:56  Zealot x6  
  148  10:12  Stalker x2  
  152  10:21  Zealot x5  
  147  10:27  Zealot x4  
  147  10:28  Warp Prism  
  114  10:37  Protoss Ground Weapons Level 1  
  114  10:39  Zealot x2  
  101  10:43  Stalker x2  
  83  10:51  Zealot x7  
  83  10:52  Probe  
  83  10:56  Immortal  
  94  10:59  Zealot x2  
  94  11:03  Probe  
  97  11:10  High Templar x3  
  97  11:11  High Templar x2  
  111  11:15  Archon  
  111  11:16  Archon  
  111  11:17  High Templar  
  113  11:18  Zealot x3  
  113  11:22  Archon  
  115  11:27  Zealot x2  
  115  11:29  Observer  
  106  11:41  Probe  
  106  11:42  Robotics Bay  
  106  11:43  High Templar x2  
  106  11:44  Zealot x6  
  123  11:51  Archon  
  123  11:54  Zealot x3  
  113  12:05  Zealot x6  
  97  12:17  Zealot x5  
  97  12:22  Immortal  
  85  12:30  Zealot x6  
  96  12:38  Stalker x5  
  84  12:51  Zealot x2  
  84  12:52  Zealot x4  
  90  13:01  Zealot  
  90  13:02  Zealot x4  
Show
View Real Time Build Order
Export as new Build Order

Vindicta Terran - Winner!

Build Orders: Reaper Expand 

Get SALT Encoding   

  12  0:00  SCV  
  13  0:12  SCV  
  14  0:17  Supply Depot  
  14  0:25  SCV  
  15  0:38  SCV  
  15  0:40  Barracks  
  16  0:43  Refinery  
  16  0:50  SCV  
  17  1:02  SCV  
  18  1:15  SCV  
  19  1:28  Reaper, Orbital Command  
  20  1:51  Command Center  
  20  1:53  SCV  
  21  2:00  Marine  
  22  2:04  Supply Depot  
  22  2:05  SCV  
  23  2:13  Factory  
  23  2:23  Bunker  
  23  2:25  SCV, Marine  
  25  2:34  Refinery  
  25  2:38  SCV  
  26  2:45  Barracks Reactor  
  26  2:50  SCV  
  29  2:58  Hellion, Starport  
  29  3:02  SCV  
  29  3:05  Orbital Command  
  30  3:17  SCV  
  33  3:21  Factory Tech Lab  
  33  3:26  Barracks  
  31  3:28  Marine  
  31  3:29  SCV, Marine  
  31  3:31  SCV  
  35  3:40  Supply Depot  
  35  3:41  SCV  
  35  3:43  SCV  
  35  3:45  Raven  
  38  3:48  Marine, Factory Tech Lab  
  38  3:53  SCV  
  38  3:55  Marine  
  41  3:57  SCV  
  41  4:02  Supply Depot  
  42  4:06  SCV  
  42  4:09  SCV  
  44  4:10  Siege Tank  
  44  4:13  Marine x2  
  49  4:18  SCV, Barracks  
  49  4:21  SCV  
  51  4:25  Supply Depot  
  51  4:30  SCV  
  51  4:31  Marine x2  
  52  4:38  Starport Reactor, Stimpack  
  55  4:42  Refinery, Marine  
  55  4:43  SCV, Engineering Bay  
  57  4:47  SCV  
  57  4:55  SCV, Marine x2  
  57  4:56  Supply Depot  
  57  4:59  SCV  
  61  5:00  Marauder  
  63  5:08  SCV  
  63  5:09  Factory Reactor  
  63  5:10  Terran Infantry Weapons Level 1  
  63  5:11  SCV  
  63  5:12  Refinery  
  63  5:13  Marine  
  66  5:17  Marine  
  66  5:20  SCV, Supply Depot  
  68  5:24  Combat Shield  
  68  5:26  Marauder  
  68  5:27  Marauder  
  73  5:30  Marine  
  73  5:33  SCV, Supply Depot  
  73  5:34  Marine  
  75  5:39  Medivac  
  76  5:43  Supply Depot  
  76  5:46  Marine  
  76  5:48  Medivac, Marine x2  
  81  5:50  Widow Mine  
  81  5:52  Widow Mine  
  81  5:53  Marine  
  81  5:54  SCV  
  86  5:59  Supply Depot  
  86  6:05  Marauder  
  86  6:06  Supply Depot, Marine x2  
  86  6:11  Medivac, Marine  
  92  6:18  Concussive Shells  
  92  6:24  Marauder, Marine, Widow Mine  
  92  6:25  Medivac  
  99  6:26  Marauder  
  101  6:38  Marine  
  101  6:40  Command Center  
  101  6:42  Marine  
  101  6:46  Marauder  
  104  6:47  Barracks  
  104  6:48  Medivac  
  104  6:49  Barracks  
  104  6:50  Marauder  
  104  6:53  SCV  
  109  6:56  Marine  
  109  6:58  Widow Mine  
  109  6:59  SCV  
  113  7:07  Medivac, Widow Mine  
  114  7:09  Marine  
  114  7:11  SCV  
  114  7:12  Marauder  
  114  7:14  Marine  
  109  7:17  Terran Infantry Armor Level 1  
  109  7:19  Supply Depot, Medivac  
  109  7:22  Marauder  
  109  7:24  SCV  
  109  7:27  Marine  
  111  7:31  Widow Mine x2  
  111  7:32  Marine  
  111  7:33  Marauder  
  111  7:34  SCV  
  116  7:37  Barracks Reactor, Barracks Tech Lab  
  116  7:43  SCV  
  114  7:48  Ghost Academy  
  114  7:56  Orbital Command  
  114  7:57  SCV, Marine  
  114  7:58  SCV, Marauder  
  113  7:59  Marine  
  113  8:00  Marauder  
  113  8:02  Widow Mine x2  
  120  8:07  Marine  
  120  8:09  SCV  
  125  8:15  Refinery, Marine  
  125  8:16  Refinery  
  125  8:17  Marine  
  125  8:19  Marauder  
  126  8:20  Enhanced Shockwaves  
  122  8:29  Ghost  
  122  8:30  Ghost  
  122  8:32  SCV x2  
  122  8:33  SCV  
  125  8:39  Ghost  
  123  8:41  Marine x2  
  123  8:44  SCV  
  123  8:45  SCV  
  123  8:46  Sensor Tower  
  123  8:48  SCV  
  117  8:50  Widow Mine x2  
  117  8:52  Marine x2  
  117  8:54  Liberator  
  126  8:56  SCV  
  127  9:04  Ghost  
  121  9:10  Ghost  
  121  9:11  SCV  
  121  9:12  Widow Mine, Marine x5  
  121  9:15  Widow Mine  
  131  9:19  Supply Depot, Command Center  
  130  9:26  Liberator  
  130  9:30  Armory, Engineering Bay  
  133  9:31  Marine  
  133  9:32  Missile Turret  
  133  9:33  Widow Mine  
  133  9:37  Widow Mine  
  138  9:39  Ghost  
  138  9:44  Marine x2  
  142  9:45  Supply Depot  
  142  9:46  Marine x2  
  142  9:47  Marauder  
  146  9:54  Widow Mine  
  148  10:06  Ghost  
  148  10:11  Supply Depot  
  148  10:13  Missile Turret, Marine  
  153  10:14  Marauder  
  153  10:15  Ghost  
  152  10:27  Terran Infantry Armor Level 2, Terran Infantry Weapons Level 2  
  136  10:32  Marine  
  136  10:34  Ghost  
  136  10:35  SCV x2  
  128  10:36  Marauder  
  128  10:42  Medivac  
  120  10:43  Medivac  
  120  10:45  Marine  
  120  10:47  SCV, Widow Mine  
  120  10:48  Marine x2  
  118  10:50  Marauder, Marine  
  118  10:52  SCV  
  118  10:57  Marauder  
  118  11:03  Marine  
  118  11:04  Marauder  
  122  11:06  Marine x2  
  122  11:08  Marine  
  122  11:09  Widow Mine x2  
  131  11:11  Marauder  
  131  11:12  Liberator  
  131  11:16  Medivac  
  134  11:19  Marauder  
  134  11:21  Marine  
  134  11:23  Marine  
  134  11:24  Marine  
  134  11:25  Marauder  
  139  11:26  Marine  
  139  11:31  Widow Mine x2  
  139  11:32  Marauder  
  137  11:34  Planetary Fortress  
  137  11:37  Refinery  
  137  11:39  Marine  
  138  11:40  Marauder  
  138  11:41  Command Center, Marine  
  138  11:43  Barracks  
  138  11:44  Marine x2  
  138  11:45  Barracks  
  138  11:47  Missile Turret, Marauder  
  145  11:52  Widow Mine  
  145  11:53  Supply Depot, Widow Mine  
  145  11:54  Marauder  
  150  11:56  Marine  
  150  11:59  Marine  
  150  12:01  Ghost  
  145  12:02  Marine  
  145  12:05  Medivac  
  145  12:06  Marine  
  145  12:07  Medivac, Ghost  
  151  12:14  Ghost, Marine  
  142  12:17  Marine  
  142  12:20  Marine  
  137  12:24  Marine  
  137  12:29  Ghost  
  138  12:32  Marine  
  138  12:33  Barracks Reactor, Starport, Barracks Tech Lab  
  138  12:35  Medivac, Marine  
  138  12:37  Medivac  
  139  12:45  Widow Mine  
  139  12:46  Marine  
  139  12:47  Marauder  
  139  12:48  Marine  
Tags
 
Add a new tag
Caveats
  • Supply blocks, unpowered buildings, or Contaminate may cause inaccurate times.
  • Supply counts are checked every 10 seconds.